 Dungeon Crawl Stone Soup version 0.16-a0-3253-g5709529 (webtiles) character file.

253 Chiseanne the Skirmisher (level 5, -1/64 HPs)
             Began as a Demonspawn Wanderer on Dec 23, 2014.
             Was an Initiate of Cheibriados.
             Succumbed to Dowan's poison
             ... on level 4 of the Dungeon.
             The game lasted 00:09:46 (2496 turns).

Chiseanne the Skirmisher (Demonspawn Wanderer)      Turns: 2496, Time: 00:09:47

Health: -1/64      AC: 27    Str: 15      XL:     5   Next: 90%
Magic:  7/7        EV:  2    Int: 12 (15) God:    Cheibriados [......]
Gold:   115        SH:  0    Dex: 12      Spells: 0 memorised, 6 levels left

rFire  . . .     SeeInvis .     s - +1 flail (protect)
rCold  . . .     Clarity  +     i - melded +2 scale mail
rNeg   + + +     SustAb   .     (no shield)
rPois  +         Gourm    .     t - melded +1 helmet
rElec  .         Spirit   .     (cloak currently unavailable)
rCorr  .         Warding  .     (gloves currently unavailable)
rMut   .         NoTele   +     (boots currently unavailable)
MR     .....                    m - amulet of clarity
Stlth  +.........               (no ring)
                                (no ring)

@: lethally poisoned, tree-form, glowing, very slow, not resistant to hostile
enchantments, very unstealthy
A: (hooves 0), (molten scales 0), (cold resistance 0)
a: Bend Time, Renounce Religion


You were on level 4 of the Dungeon.
You worshipped Cheibriados.
Cheibriados was noncommittal.
You were not hungry.
You were a tree.
You visited 1 branch of the dungeon, and saw 4 of its levels.

You collected 115 gold pieces.

Inventory:

Hand weapons
 s - a +1 flail of protection (weapon)
Armour
 i - a +2 scale mail (melded)
 t - a +1 helmet (melded)
Jewellery
 g - an uncursed ring of fire
 m - an amulet of clarity (around neck)
Magical devices
 l - a wand of digging (3)
Scrolls
 c - 4 scrolls of identify
 e - a scroll of random uselessness
 f - a scroll of immolation {unknown}
 h - 3 scrolls of teleportation {unknown}
 k - 3 scrolls of remove curse {unknown}
 p - a scroll of blinking {unknown}
 r - a scroll of fog {unknown}
Comestibles
 a - a chunk of flesh
 d - 3 bread rations
 n - 2 fruits
 o - a meat ration


   Skills:
 * Level 4.7 Fighting
 * Level 3.6 Armour
 * Level 2.3 Dodging
   Level 1.0 Shields
 - Level 1.0 Spellcasting
   Level 1.0 Charms
   Level 1.0 Poison Magic
 * Level 0.3 Invocations
 - Level 1.0 Evocations


You had 6 spell levels left.
You didn't know any spells.

Dungeon Overview and Level Annotations

Branches:
Dungeon (4/15)
 Temple: D:4-7

Altars:
Cheibriados

Annotations:
D:3 Grinder
D:4 Dowan, Duvessa


Innate Abilities, Weirdness & Mutations

((You have hoof-like feet.))
((You are partially covered in molten scales (AC +1).))
((Your flesh is cold resistant.))


Message History

Dowan blinks!
You cannot move.
You cannot move.
Evoke which item? (* to show all) (? for menu, Esc to quit)
Okay, then.
Read which item? (? for menu, Esc to quit)
As you read the scroll labeled STEPRA GRUCRU, it crumbles to dust.
It is a scroll of identify.
Identify which item? (\ to view known items) (? for menu, Esc to quit)
e - a scroll of random uselessness
* * * LOW HITPOINT WARNING * * *
You feel sick.
Read which item? (? for menu, Esc to quit)
As you read the scroll of random uselessness, it crumbles to dust.
The scroll reassembles itself in your branches!
* * * LOW HITPOINT WARNING * * *
You feel sick. Dowan hits you but does no damage.
You barely miss Dowan.
Dowan is heavily wounded.
You die...

#####.## #._. #.#
#... #.## #.#.
#..####.#.
#########.........
...........####...
##########......#.
#########.†...####.#.
##..†♣e....###.# .#.
#..######### #.# ##
#..#.....# ... #...#
.a...# .... .....#
.e.?... ..... #....
.....## ##..#.. .##
...... ..... ...e. #
....


You could see Dowan.

Vanquished Creatures
  Sigmund (D:2)
  A worker ant (D:4)
  Ijyb (D:2)
  Terence (D:2)
  Robin (D:2)
  4 adders (D:2)
  2 worms (D:2)
  An orc (D:3)
  2 ball pythons
  7 bats
  A giant cockroach (D:2)
  7 hobgoblins
  2 jackals (D:4)
  4 kobolds
  5 giant geckos
  5 giant newts
  14 goblins
  8 rats
67 creatures vanquished.

Notes
Turn   | Place    | Note
--------------------------------------------------------------
     0 | D:1      | Chiseanne, the Demonspawn Wanderer, began the quest for the Orb.
     0 | D:1      | Chiseanne set off with: a +2 scale mail, a potion of lignification, a +0 spear, a bread ration
     0 | D:1      | Reached XP level 1. HP: 18/18 MP: 2/2
   410 | D:1      | Gained mutation: Your flesh is cold resistant. [demonic ancestry]
   410 | D:1      | Reached XP level 2. HP: 21/24 MP: 3/3
   814 | D:2      | Noticed Ijyb
   855 | D:2      | Killed Ijyb
   894 | D:2      | Gained mutation: You are partially covered in molten scales (AC +1). [demonic ancestry]
   894 | D:2      | Reached XP level 3. HP: 25/29 MP: 4/4
  1132 | D:2      | Reached skill level 4 in Fighting
  1316 | D:2      | Gained mutation: You have large cloven feet. [demonic ancestry]
  1316 | D:2      | Reached XP level 4. HP: 33/37 MP: 5/5
  1323 | D:2      | Noticed Sigmund
  1434 | D:2      | Killed Sigmund
  1434 | D:2      | Reached skill level 1 in Dodging
  1434 | D:2      | Reached XP level 5. HP: 42/43 MP: 7/7
  1650 | D:2      | Noticed Terence
  1767 | D:2      | Killed Terence
  1890 | D:2      | Noticed Robin
  1940 | D:2      | Killed Robin
  2401 | D:3      | Noticed Grinder
  2407 | D:4      | Found a snail-covered altar of Cheibriados.
  2421 | D:4      | Became a worshipper of Cheibriados the Contemplative
  2464 | D:4      | Noticed Dowan
  2466 | D:4      | Noticed Duvessa
  2490 | D:4      | Gained mutation: You have hoof-like feet. [potion of beneficial mutation]
  2494 | D:4      | HP: 3/64 [poisoned by Dowan]
  2495 | D:4      | HP: 1/64 [poisoned by Dowan]
  2496 | D:4      | Succumbed to Dowan's poison

Action                   |  1- 3 |  4- 6 || total
-------------------------+-------+-------++-------
Melee: Dagger            |   195 |   147 ||   342
       Spear             |     1 |       ||     1
       Flail             |       |    82 ||    82
       Short sword       |       |    57 ||    57
  Use: Potion            |       |     8 ||     8
       Scroll            |       |     2 ||     2
  Eat: Chunk             |     1 |     5 ||     6
